 Dungeon Crawl Stone Soup version 0.23-a0-644-gb60d84b635 (webtiles) character file.

1117 HereIgoKillingAgain the Chiller (level 8, -9/58 HPs)
             Began as a Gnoll Ice Elementalist on Jan 1, 2019.
             Was a Follower of Cheibriados.
             Mangled by a small abomination (22 damage)
             ... summoned by miscasting Summon Ice Beast
             ... on level 7 of the Dungeon.
             The game lasted 00:08:33 (6469 turns).

HereIgoKillingAgain the Chiller (GnIE)              Turns: 6469, Time: 00:08:33

Health: -9/58      AC:  3    Str: 20      XL:     8   Next: 34%
Magic:  0/16       EV: 15    Int: 22      God:    Cheibriados [*.....]
Gold:   347        SH:  0    Dex: 15 (17) Spells: 6/18 levels left

rFire    . . .     SeeInvis .     - Unarmed
rCold    + + .     Gourm    .   (no shield)
rNeg     . . .     Faith    .   a - +0 robe
rPois    .         Spirit   +   (no helmet)
rElec    .         Reflect  .   b - scarf {rC+ rF+}
rCorr    .         Harm     .   (no gloves)
MR       .....                  f - +0 pair of boots
Stlth    +++.......             q - amulet of guardian spirit
HPRegen  0.19/turn              j - ring "Emyitue" {Ice Str+2 Slay+2}
MPRegen  0.15/turn              (no ring)

@: mighty, lethally poisoned (-9 -> -9), very slightly contaminated, very slow
A: distributed training, fangs 1, strong nose
a: Bend Time, Renounce Religion


You were on level 7 of the Dungeon.
You worshipped Cheibriados.
Cheibriados was aware of your devotion.
You were hungry.

You visited 2 branches of the dungeon, and saw 9 of its levels.

You collected 347 gold pieces.

Inventory:

Armour
 a - a +0 robe (worn)
 b - a scarf of resistance (worn)
 f - a +0 pair of boots (worn)
Jewellery
 j - the ring "Emyitue" (left hand) {Ice Str+2 Slay+2}
   (You found it on level 6 of the Dungeon)

   [ring of ice]

   It enhances your ice magic.
   It affects your strength (+2).
   It affects your accuracy and damage with ranged weapons and melee attacks
   (+2).
   It makes you vulnerable to fire.
   It protects you from cold.
 q - an amulet of guardian spirit (around neck)
 u - an uncursed ring of fire {unknown}
Wands
 r - a wand of enslavement (3)
Scrolls
 d - 3 scrolls of teleportation
 g - 2 scrolls of amnesia {unknown}
 i - 2 scrolls of magic mapping {unknown}
 k - 4 scrolls of remove curse {unknown}
 l - 4 scrolls of enchant armour {unknown}
 m - 2 scrolls of enchant weapon
 o - a scroll of fear {unknown}
 t - 2 scrolls of identify
Potions
 e - a potion of invisibility
 h - 2 potions of cancellation
 n - 2 potions of haste
 p - 2 potions of lignification
 s - a potion of curing
 v - a potion of might
 x - a potion of flight {unknown}
Comestibles
 c - 14 rations


   Skills:
 + Level 3.1 Fighting
 + Level 3.1 Short Blades
 + Level 3.1 Long Blades
 + Level 3.1 Axes
 + Level 3.1 Maces & Flails
 + Level 3.1 Polearms
 + Level 3.1 Staves
 + Level 3.1 Slings
 + Level 3.1 Bows
 + Level 3.1 Crossbows
 + Level 3.1 Throwing
 + Level 3.1 Armour
 + Level 5.6 Dodging
 + Level 5.2 Stealth
 + Level 3.1 Shields
 + Level 3.1 Unarmed Combat
 + Level 5.9 Spellcasting
 + Level 3.3 Conjurations
 + Level 2.5 Hexes
 + Level 2.5 Charms
 + Level 2.5 Summonings
 + Level 2.5 Necromancy
 + Level 2.5 Translocations
 + Level 2.5 Transmutations
 + Level 2.5 Fire Magic
 + Level 6.0 Ice Magic
 + Level 2.5 Air Magic
 + Level 2.5 Earth Magic
 + Level 2.5 Poison Magic
 + Level 3.4 Invocations
 + Level 3.1 Evocations


You had 6 spell levels left.
You knew the following spells:

 Your Spells              Type           Power        Failure   Level  Hunger
a - Freeze                Ice            ####         1%          1    None
b - Throw Icicle          Conj/Ice       #####...     13%         4    ###....
c - Summon Ice Beast      Ice/Summ       #####...     16%         4    ###....
d - Ozocubu's Armour      Chrm/Ice       #####...     4%          3    #......

Your spell library contained the following spells:

 Spells                   Type           Power        Failure   Level  Hunger
 Throw Frost              Conj/Ice       #####.       1%          2    None


Dungeon Overview and Level Annotations

Branches:
Dungeon (8/15)             Temple (1/1) D:5
   Lair: D:8-11

Altars:
Ashenzari
Cheibriados
Dithmenos
Elyvilon
Fedhas
Gozag
Hepliaklqana
Kikubaaqudgha
Makhleb
Nemelex Xobeh
Okawaru
Qazlal
Ru
Sif Muna
Trog
Uskayaw
Vehumet
Wu Jian
Xom
Yredelemnul
Zin
The Shining One


Innate Abilities, Weirdness & Mutations

Your experience applies equally to all skills.
You have very sharp teeth.
Your uncanny sense of smell can sniff out nearby items.


Message History

Unknown command.
The small abomination barely misses you.
Unknown command.
The small abomination hits you.
The small abomination closely misses you.
You feel sick.
The orc wizard gestures wildly while chanting.
The orc wizard blinks!
The small abomination hits you! x2
* * * LOW HITPOINT WARNING * * *
Drop what? 24/52 slots (_ for help) (? for menu, Esc to quit)
Okay, then.
You feel much better. The small abomination misses you.
You feel very mighty all of a sudden. The small abomination hits you!
* * * LOW HITPOINT WARNING * * *
You punch the small abomination!
The small abomination is heavily damaged.
The small abomination misses you. The small abomination hits you!!
You die...

#.#†## #.........
#.#xx####.........
#.##..##.>........
#.###.##.......... #{#
#.....[....... #o#
##...#.......# #x#
#............ #x#
#.#.......... ∆
#@####.##...).....
#.##...##.........
.######....####.........
.........#######.......#
..<............Y......#.
.######.#####..#####..#.
##...........## ##...
##............## #...#
#...††.........# #.###


You could see 2 small abominations and an orc.

Vanquished Creatures
  A centaur (D:5)
  A big kobold (D:7)
  A bullfrog (D:6)
  2 electric eels (D:6)
  2 crimson imps
  A bullfrog zombie (D:5)
  3 hounds
  An orc priest (D:5)
  6 orc wizards
  An iguana (D:6)
  2 worker ants (D:4)
  13 adders
  A shadow imp (D:5)
  A worm (D:2)
  3 dart slugs
  4 leopard geckos
  10 orcs
  3 bat zombies (D:3)
  5 giant cockroaches
  9 goblins
  10 hobgoblins
  10 jackals
  5 quokkas
  3 ball pythons
  4 bats
  4 frilled lizards (D:1)
  6 kobolds
  5 rats
  A rat zombie (D:3)
118 creatures vanquished.

Vanquished Creatures (collateral kills)
  An ogre (D:7)
  A quasit (D:7)
  An orc priest (D:7)
  An iguana (D:7)
  A worker ant (D:7)
  An orc (D:7)
6 creatures vanquished.

Vanquished Creatures (others)
  An orc (D:6)
1 creature vanquished.

Grand Total: 125 creatures vanquished

Notes
Turn   | Place    | Note
-------+----------+-------------------------------------------
     0 | D:1      | HereIgoKillingAgain the Gnoll Ice Elementalist began the
                  | quest for the Orb.
     0 | D:1      | Reached XP level 1. HP: 13/13 MP: 6/6
   163 | D:1      | Reached XP level 2. HP: 19/19 MP: 5/7
   330 | D:1      | Reached XP level 3. HP: 11/25 MP: 3/9
   548 | D:1      | Reached skill level 5 in Spellcasting
  1109 | D:2      | Reached skill level 1 in Invocations
  1231 | D:2      | Reached skill level 1 in Fighting
  1231 | D:2      | Reached skill level 1 in Short Blades
  1231 | D:2      | Reached skill level 1 in Long Blades
  1231 | D:2      | Reached skill level 1 in Axes
  1231 | D:2      | Reached skill level 1 in Maces & Flails
  1231 | D:2      | Reached skill level 1 in Polearms
  1231 | D:2      | Reached skill level 1 in Staves
  1231 | D:2      | Reached skill level 1 in Slings
  1231 | D:2      | Reached skill level 1 in Bows
  1231 | D:2      | Reached skill level 1 in Crossbows
  1231 | D:2      | Reached skill level 1 in Throwing
  1231 | D:2      | Reached skill level 1 in Armour
  1231 | D:2      | Reached skill level 1 in Shields
  1231 | D:2      | Reached skill level 1 in Unarmed Combat
  1231 | D:2      | Reached skill level 1 in Evocations
  1256 | D:2      | Reached XP level 4. HP: 28/32 MP: 6/11
  1434 | D:2      | Reached skill level 1 in Hexes
  1434 | D:2      | Reached skill level 1 in Charms
  1434 | D:2      | Reached skill level 1 in Summonings
  1434 | D:2      | Reached skill level 1 in Necromancy
  1434 | D:2      | Reached skill level 1 in Translocations
  1434 | D:2      | Reached skill level 1 in Transmutations
  1434 | D:2      | Reached skill level 1 in Fire Magic
  1434 | D:2      | Reached skill level 1 in Air Magic
  1434 | D:2      | Reached skill level 1 in Earth Magic
  1434 | D:2      | Reached skill level 1 in Poison Magic
  1560 | D:2      | Learned a level 4 spell: Throw Icicle
  1566 | D:2      | Learned a level 4 spell: Summon Ice Beast
  1570 | D:2      | Learned a level 3 spell: Ozocubu's Armour
  2049 | D:3      | Reached XP level 5. HP: 30/37 MP: 4/12
  2064 | D:3      | Found an ancient bone altar of Kikubaaqudgha.
  3048 | D:4      | Got a scorched trident
  3049 | D:4      | Identified the +7 trident "Rujoa" {flame, *Rage rN+ Str+2
                  | Int+3} (You found it on level 4 of the Dungeon)
  3629 | D:5      | Entered Level 5 of the Dungeon
  3640 | D:5      | Reached XP level 6. HP: 44/44 MP: 13/13
  3915 | D:5      | Reached skill level 5 in Dodging
  4133 | D:5      | Found a staircase to the Ecumenical Temple.
  4330 | D:5      | Reached XP level 7. HP: 42/50 MP: 15/15
  4937 | Temple   | Entered the Ecumenical Temple
  5198 | Temple   | Became a worshipper of Cheibriados the Contemplative
  5268 | D:6      | Got a scorched steel ring
  5282 | D:6      | Identified the ring "Emyitue" {Ice Str+2 Slay+2} (You found
                  | it on level 6 of the Dungeon)
  5333 | D:6      | Reached skill level 5 in Stealth
  5938 | D:6      | Reached XP level 8. HP: 57/57 MP: 8/16
  6026 | D:7      | Reached skill level 6 in Ice Magic
  6119 | D:7      | Reached * piety under Cheibriados
  6221 | D:7      | Noticed a red devil
  6226 | D:8      | Noticed a death yak
  6469 | D:7      | Mangled by a small abomination

Vault maps used:
D:1:      lightli_arrival_lavapool, kennysheep_doodads, minmay_cut_off
D:2:      dk_vineyard_3
D:3:      lemuel_zombie_altar_kikubaaqudgha
D:4:      kennysheep_cluttered_room
D:5:      temple_pool_b, first_ration
D:6:      minmay_goblin_kobold_castle, corner_web_ring
D:7:      uniq_prince_ribbit1
D:8:      dpeg_lair_monsters, enter_ossuary_2, serial_shops, shop, uniq_pikel
Temple:   nicolae_temple_the_god_donut

Skill      XL: |  1  2  3  4  5  6  7  8 |
---------------+-------------------------+-----
Conjurations   | 2 3 |  3.3
Spellcasting   | 5 |  5.9
Invocations    | 1 2 3 |  3.4
Fighting       | 1 2 3 |  3.1
Short Blades   | 1 2 3 |  3.1
Long Blades    | 1 2 3 |  3.1
Axes           | 1 2 3 |  3.1
Maces & Flails | 1 2 3 |  3.1
Polearms       | 1 2 3 |  3.1
Staves         | 1 2 3 |  3.1
Slings         | 1 2 3 |  3.1
Bows           | 1 2 3 |  3.1
Crossbows      | 1 2 3 |  3.1
Throwing       | 1 2 3 |  3.1
Armour         | 1 2 3 |  3.1
Shields        | 1 2 3 |  3.1
Unarmed Combat | 1 2 3 |  3.1
Evocations     | 1 2 3 |  3.1
Hexes          | 1 2 |  2.5
Charms         | 1 2 |  2.5
Summonings     | 1 2 |  2.5
Necromancy     | 1 2 |  2.5
Translocations | 1 2 |  2.5
Transmutations | 1 2 |  2.5
Fire Magic     | 1 2 |  2.5
Air Magic      | 1 2 |  2.5
Earth Magic    | 1 2 |  2.5
Poison Magic   | 1 2 |  2.5
Dodging        | 5 |  5.6
Stealth        | 5 |  5.2
Ice Magic      | 6 |  6.0

Action                   |  1- 3 |  4- 6 |  7- 9 || total
-------------------------+-------+-------+-------++-------
Melee: Unarmed           |    24 |    34 |    24 ||    82
       Bite              |     3 |     6 |     5 ||    14
       Punch             |     1 |     1 |       ||     2
       Trident           |       |    49 |    30 ||    79
 Cast: Freeze            |    48 |    51 |    41 ||   140
       Ozocubu's Armour  |       |     2 |       ||     2
       Throw Icicle      |       |       |     1 ||     1
       Summon Ice Beast  |       |       |     4 ||     4
Evoke: Wand              |       |       |     4 ||     4
  Use: Scroll            |     3 |     6 |     3 ||    12
       Potion            |       |       |     5 ||     5
 Stab: Sleeping          |     2 |     6 |     2 ||    10
  Eat: Chunk             |       |     5 |     2 ||     7
       Ration            |       |     2 |     1 ||     3
Armor: Robe              |    10 |    30 |    20 ||    60
Dodge: Dodged            |    48 |   109 |   124 ||   281

Table legend:
 A = Non-vault XP
 B = Vault XP
 C = Vault XP percentage of total XP
 D = Non-vault monster count
 E = Vault monster count
 F = Vault count percentage of total count
                 A         B        C        D         E       F
            +---------+---------+-------+---------+---------+-------
      Total |    1568 |      28 |   1.8 |     111 |      13 |  10.5
            +---------+---------+-------+---------+---------+-------
        D:1 |      42 |      13 |  23.6 |      24 |       5 |  17.2
        D:2 |      83 |       0 |   0.0 |      18 |       0 |   0.0
        D:3 |      24 |       7 |  22.6 |       8 |       4 |  33.3
        D:4 |      76 |       0 |   0.0 |       5 |       0 |   0.0
        D:5 |     587 |       0 |   0.0 |      26 |       0 |   0.0
        D:6 |     373 |       8 |   2.1 |      12 |       4 |  25.0
        D:7 |     383 |       0 |   0.0 |      18 |       0 |   0.0
            +---------+---------+-------+---------+---------+-------
